2977 views
Uploaded 2020-01-10 14:02:30
Game version 1.32.0.5
9:14 long 3on3 ladder game on (6)ThunderLake_LV
Saved by BEARAND
2977 views
Uploaded 2020-01-10 14:02:30
Game version 1.32.0.5
9:14 long 3on3 ladder game on (6)ThunderLake_LV


56 units @ 6.5k
/ 0.4k
44 buildings @ 6.4k
/ 2.6k

| Peasant | 13 | 975 | / | 0 |
| Footman | 6 | 810 | / | 0 |
| Priest | 2 | 270 | / | 20 |
| Spell Breaker | 2 | 430 | / | 60 |
| Mortar Team | 1 | 180 | / | 70 |
| Centaur Outrunner | 1 | 195 | / | 0 |
| Harpy Rogue | 1 | 215 | / | 20 |
| total: | 26 | 3075g | / | 170w |
| Altar of Kings | 1 | 180 | / | 50 |
| Farm | 8 | 640 | / | 160 |
| Barracks | 2 | 320 | / | 120 |
| Lumber Mill | 1 | 120 | / | 0 |
| Arcane Vault | 1 | 130 | / | 30 |
| Town Hall | 1 | 385 | / | 205 |
| Blacksmith | 1 | 140 | / | 60 |
| Arcane Sanctum | 2 | 300 | / | 280 |
| Workshop | 1 | 140 | / | 140 |
| Keep | 1 | 320 | / | 210 |
| total: | 18 | 2355g | / | 1045w |
| 0:05 | Altar of Kings |
| 0:06 | Peasant |
| 0:06 | Peasant |
| 0:23 | Farm |
| 0:32 | Barracks |
| 0:34 | Barracks |
| 0:36 | Peasant |
| 0:46 | Peasant |
| 0:59 | Farm |
| 1:05 | Peasant |
| 1:21 | Peasant |
| 1:31 | Farm |
| 1:36 | Footman |
| 1:40 | Peasant |
| 1:53 | Footman |
| 1:54 | Peasant |
| 2:22 | Lumber Mill |
| 2:28 | Footman |
| 2:39 | Summon Water Elemental |
| 2:47 | Peasant |
| 2:57 | Footman |
| 3:14 | Keep |
| 3:53 | Arcane Vault |
| 4:13 | Town Hall |
| 4:19 | Footman |
| 4:30 | Farm |
| 5:05 | Brilliance Aura |
| 5:38 | Arcane Sanctum |
| 5:40 | Arcane Sanctum |
| 5:45 | Peasant |
| 5:45 | Peasant |
| 6:11 | Blacksmith |
| 6:13 | Farm |
| 6:19 | Footman |
| 6:28 | Farm |
| 6:30 | Farm |
| 6:45 | Defend |
| 6:48 | Priest |
| 6:54 | Improved Lumber Harvesting |
| 7:00 | Farm |
| 7:29 | Priest |
| 7:37 | Peasant |
| 7:37 | Peasant |
| 7:44 | Workshop |
| 8:10 | Centaur Outrunner |
| 8:10 | Harpy Rogue |
| 8:36 | Spell Breaker |
| 8:43 | Summon Water Elemental |
| 8:49 | Mortar Team |
| 8:54 | Spell Breaker |
| Right click | 500 |
| Select group | 273 |
| Select | 118 |
| Build/train/purchase | 42 |
| Misc. action | 40 |
| Assign group | 19 |

| Healing Salve | 2 | 200 |
| Lesser Clarity Potion | 1 | 70 |
| total: | 3 | 270g |
| Peon | 8 | 600 | / | 0 |
| Grunt | 3 | 600 | / | 0 |
| Tauren | 1 | 280 | / | 80 |
| total: | 12 | 1480g | / | 80w |
| Altar of Storms | 1 | 180 | / | 50 |
| Orc Burrow | 4 | 640 | / | 160 |
| Barracks | 1 | 180 | / | 50 |
| Voodoo Lounge | 1 | 130 | / | 30 |
| War Mill | 1 | 205 | / | 0 |
| Tauren Totem | 2 | 270 | / | 310 |
| Stronghold | 1 | 315 | / | 190 |
| Fortress | 1 | 325 | / | 190 |
| total: | 10 | 1605g | / | 600w |
| 0:05 | Peon |
| 0:05 | Peon |
| 0:09 | Altar of Storms |
| 0:12 | Peon |
| 0:27 | Orc Burrow |
| 0:33 | Peon |
| 0:58 | Barracks |
| 1:00 | Peon |
| 1:07 | Peon |
| 1:29 | Peon |
| 1:57 | Peon |
| 2:00 | Grunt |
| 2:03 | Voodoo Lounge |
| 2:20 | Wind Walk |
| 2:27 | Stronghold |
| 3:07 | Orc Burrow |
| 3:59 | Grunt |
| 4:05 | Orc Burrow |
| 4:20 | Healing Salve |
| 4:20 | Healing Salve |
| 4:48 | Fortress |
| 4:49 | Grunt |
| 5:06 | Tauren Totem |
| 6:31 | Tauren Totem |
| 7:19 | War Mill |
| 7:34 | Critical Strike |
| 8:02 | Orc Burrow |
| 8:15 | Lesser Clarity Potion |
| 8:33 | Tauren |
| 8:34 | Pulverize |
| 9:02 | Pillage |
| 9:05 | Steel Melee Weapons |
| Right click | 486 |
| Select | 176 |
| Select group | 99 |
| Build/train/purchase | 28 |
| Misc. action | 26 |
| Minimap ping | 11 |
| Assign group | 5 |
| Use ability | 4 |
| Remove unit | 1 |

| Wisp | 10 | 600 | / | 0 |
| Archer | 3 | 390 | / | 30 |
| Huntress | 5 | 975 | / | 100 |
| total: | 18 | 1965g | / | 130w |
| Ancient Protector | 4 | 540 | / | 320 |
| Altar of Elders | 1 | 180 | / | 50 |
| Moon Well | 5 | 900 | / | 200 |
| Ancient of War | 2 | 300 | / | 120 |
| Hunter's Hall | 1 | 210 | / | 100 |
| Ancient of Wonders | 2 | 180 | / | 60 |
| Ancient of Lore | 1 | 155 | / | 145 |
| Tree of Ages | 1 | 320 | / | 180 |
| Tree of Eternity | 1 | 330 | / | 200 |
| total: | 16 | 2465g | / | 995w |
| 0:07 | Altar of Elders |
| 0:12 | Moon Well |
| 0:13 | Wisp |
| 0:13 | Wisp |
| 0:37 | Wisp |
| 0:44 | Ancient of War |
| 0:45 | Wisp |
| 1:05 | Wisp |
| 1:12 | Wisp |
| 1:40 | Wisp |
| 1:46 | Archer |
| 1:53 | Wisp |
| 1:57 | Moon Well |
| 1:59 | Wisp |
| 2:04 | Archer |
| 2:07 | Immolation |
| 2:28 | Hunter's Hall |
| 2:49 | Archer |
| 2:59 | Wisp |
| 3:06 | Ancient of War |
| 3:31 | Huntress |
| 3:31 | Huntress |
| 3:35 | Moon Well |
| 3:59 | Huntress |
| 4:19 | Ancient of Wonders |
| 4:27 | Mana Burn |
| 4:51 | Ancient of Wonders |
| 4:52 | Huntress |
| 4:59 | Ancient Protector |
| 5:01 | Ancient Protector |
| 5:35 | Huntress |
| 6:03 | Moon Well |
| 6:06 | Moon Well |
| 6:28 | Tree of Ages |
| 8:20 | Strength of the Wild |
| 8:27 | Ancient Protector |
| 8:31 | Ancient Protector |
| 8:57 | Ancient of Lore |
| 8:59 | Tree of Eternity |
| Right click | 494 |
| Misc. action | 140 |
| Select | 123 |
| Select group | 40 |
| Build/train/purchase | 34 |
| Assign group | 13 |
| Use ability | 5 |
| Chat | 4 |
| Minimap ping | 2 |
53 units @ 4.3k
/ 0.1k
96 buildings @ 7k
/ 3.5k


| Scroll of Regeneration | 1 | 100 |
| Boots of Speed | 1 | 250 |
| Staff of Teleportation | 1 | 150 |
| Periapt of Vitality | 1 | 325 |
| total: | 4 | 825g |
| Peasant | 15 | 1125 | / | 0 |
| total: | 15 | 1125g | / | 0w |
| Scout Tower | 27 | 810 | / | 540 |
| Arcane Tower | 1 | 70 | / | 50 |
| Guard Tower | 9 | 630 | / | 450 |
| Altar of Kings | 1 | 180 | / | 50 |
| Farm | 5 | 400 | / | 100 |
| Lumber Mill | 1 | 120 | / | 0 |
| Arcane Vault | 1 | 130 | / | 30 |
| Town Hall | 1 | 385 | / | 205 |
| Arcane Sanctum | 1 | 150 | / | 140 |
| Keep | 1 | 320 | / | 210 |
| total: | 37 | 2175g | / | 1065w |
| 0:04 | Peasant |
| 0:04 | Peasant |
| 0:07 | Altar of Kings |
| 0:20 | Farm |
| 0:28 | Peasant |
| 0:34 | Peasant |
| 0:38 | Scout Tower |
| 0:39 | Farm |
| 0:45 | Farm |
| 0:46 | Peasant |
| 1:02 | Peasant |
| 1:10 | Lumber Mill |
| 1:12 | Peasant |
| 1:18 | Scout Tower |
| 1:18 | Peasant |
| 1:37 | Peasant |
| 1:37 | Arcane Tower |
| 1:38 | Peasant |
| 1:51 | Peasant |
| 1:54 | Scout Tower |
| 2:06 | Scout Tower |
| 2:09 | Peasant |
| 2:12 | Guard Tower |
| 2:16 | Blizzard |
| 2:24 | Improved Masonry |
| 3:00 | Guard Tower |
| 3:00 | Guard Tower |
| 3:01 | Scout Tower |
| 3:02 | Scout Tower |
| 3:11 | Peasant |
| 3:11 | Peasant |
| 3:41 | Keep |
| 3:55 | Guard Tower |
| 3:58 | Farm |
| 3:59 | Farm |
| 4:11 | Guard Tower |
| 4:14 | Scout Tower |
| 4:15 | Scout Tower |
| 4:31 | Boots of Speed |
| 4:44 | Guard Tower |
| 5:21 | Brilliance Aura |
| 5:33 | Guard Tower |
| 5:34 | Scout Tower |
| 5:34 | Scout Tower |
| 5:35 | Scout Tower |
| 5:35 | Scout Tower |
| 5:36 | Scout Tower |
| 5:43 | Staff of Teleportation |
| 5:48 | Periapt of Vitality |
| 5:56 | Arcane Vault |
| 6:45 | Guard Tower |
| 6:46 | Guard Tower |
| 6:46 | Peasant |
| 7:20 | Town Hall |
| 7:35 | Storm Bolt |
| 7:58 | Arcane Sanctum |
| 7:59 | Improved Lumber Harvesting |
| 7:59 | Advanced Masonry |
| 8:08 | Scroll of Regeneration |
| 8:35 | Scout Tower |
| 8:36 | Scout Tower |
| 8:36 | Scout Tower |
| 8:36 | Scout Tower |
| 8:37 | Scout Tower |
| 8:37 | Scout Tower |
| 8:38 | Scout Tower |
| 8:38 | Scout Tower |
| 8:39 | Scout Tower |
| 8:39 | Scout Tower |
| 8:40 | Scout Tower |
| 8:40 | Scout Tower |
| 8:40 | Scout Tower |
| 8:41 | Scout Tower |
| 8:57 | Blizzard |
| Right click | 573 |
| Select | 185 |
| Select group | 97 |
| Build/train/purchase | 63 |
| Misc. action | 15 |
| Use ability | 13 |
| Assign group | 10 |
| Chat | 7 |
| Item give/drop | 5 |
| Resource trade | 4 |

| Periapt of Vitality | 1 | 325 |
| Boots of Speed | 1 | 250 |
| Staff of Teleportation | 1 | 150 |
| Healing Salve | 1 | 100 |
| total: | 4 | 825g |
| Peasant | 25 | 1875 | / | 0 |
| total: | 25 | 1875g | / | 0w |
| Scout Tower | 29 | 870 | / | 580 |
| Arcane Tower | 3 | 210 | / | 150 |
| Guard Tower | 13 | 910 | / | 650 |
| Altar of Kings | 1 | 180 | / | 50 |
| Farm | 3 | 240 | / | 60 |
| Lumber Mill | 1 | 120 | / | 0 |
| Town Hall | 1 | 385 | / | 205 |
| Keep | 1 | 320 | / | 210 |
| Castle | 1 | 360 | / | 210 |
| total: | 35 | 1795g | / | 895w |
| 0:03 | Peasant |
| 0:03 | Peasant |
| 0:06 | Altar of Kings |
| 0:10 | Farm |
| 0:20 | Peasant |
| 0:20 | Peasant |
| 0:23 | Peasant |
| 0:38 | Peasant |
| 0:52 | Scout Tower |
| 0:54 | Peasant |
| 1:02 | Lumber Mill |
| 1:07 | Farm |
| 1:09 | Peasant |
| 1:20 | Peasant |
| 1:22 | Arcane Tower |
| 1:32 | Peasant |
| 1:40 | Scout Tower |
| 1:44 | Peasant |
| 1:56 | Farm |
| 2:03 | Peasant |
| 2:06 | Peasant |
| 2:10 | Blizzard |
| 2:19 | Guard Tower |
| 2:21 | Scout Tower |
| 2:38 | Peasant |
| 2:38 | Peasant |
| 2:51 | Guard Tower |
| 2:52 | Scout Tower |
| 2:53 | Peasant |
| 2:53 | Peasant |
| 3:21 | Peasant |
| 3:23 | Brilliance Aura |
| 3:48 | Scout Tower |
| 4:00 | Periapt of Vitality |
| 4:01 | Boots of Speed |
| 4:05 | Staff of Teleportation |
| 4:30 | Town Hall |
| 4:33 | Arcane Tower |
| 4:40 | Scout Tower |
| 4:49 | Guard Tower |
| 4:59 | Peasant |
| 5:08 | Guard Tower |
| 5:09 | Scout Tower |
| 5:21 | Healing Salve |
| 5:41 | Guard Tower |
| 5:42 | Scout Tower |
| 6:01 | Scout Tower |
| 6:01 | Scout Tower |
| 6:03 | Keep |
| 6:16 | Guard Tower |
| 6:18 | Scout Tower |
| 6:19 | Peasant |
| 6:19 | Peasant |
| 6:22 | Improved Masonry |
| 6:31 | Scout Tower |
| 6:48 | Guard Tower |
| 6:49 | Guard Tower |
| 6:52 | Peasant |
| 6:52 | Peasant |
| 7:04 | Guard Tower |
| 7:05 | Scout Tower |
| 7:07 | Arcane Tower |
| 7:48 | Guard Tower |
| 7:51 | Scout Tower |
| 7:51 | Scout Tower |
| 7:55 | Scout Tower |
| 7:57 | Peasant |
| 8:00 | Scout Tower |
| 8:01 | Scout Tower |
| 8:01 | Scout Tower |
| 8:11 | Scout Tower |
| 8:12 | Scout Tower |
| 8:14 | Scout Tower |
| 8:15 | Scout Tower |
| 8:16 | Scout Tower |
| 8:18 | Scout Tower |
| 8:20 | Guard Tower |
| 8:22 | Scout Tower |
| 8:26 | Guard Tower |
| 8:33 | Scout Tower |
| 8:33 | Scout Tower |
| 8:34 | Scout Tower |
| 8:38 | Peasant |
| 8:44 | Castle |
| 8:50 | Improved Lumber Harvesting |
| 9:06 | Guard Tower |
| Right click | 432 |
| Select group | 175 |
| Select | 118 |
| Build/train/purchase | 63 |
| Chat | 51 |
| Misc. action | 32 |
| Use ability | 14 |
| Assign group | 5 |
| Item give/drop | 5 |
| Esc | 2 |
| Minimap ping | 2 |


| Healing Salve | 2 | 200 |
| Lesser Clarity Potion | 1 | 70 |
| Boots of Speed | 1 | 250 |
| Staff of Teleportation | 1 | 150 |
| total: | 5 | 670g |
| Peon | 12 | 900 | / | 0 |
| Goblin Shredder | 1 | 375 | / | 100 |
| total: | 13 | 1275g | / | 100w |
| Watch Tower | 16 | 1760 | / | 1280 |
| Altar of Storms | 1 | 180 | / | 50 |
| Orc Burrow | 3 | 480 | / | 120 |
| War Mill | 1 | 205 | / | 0 |
| Voodoo Lounge | 3 | 390 | / | 90 |
| Stronghold | 1 | 315 | / | 190 |
| total: | 24 | 3015g | / | 1540w |
| 0:02 | Peon |
| 0:02 | Peon |
| 0:06 | Altar of Storms |
| 0:18 | Orc Burrow |
| 0:23 | Peon |
| 0:45 | Peon |
| 0:50 | War Mill |
| 0:57 | Peon |
| 1:07 | Voodoo Lounge |
| 1:18 | Peon |
| 1:31 | Peon |
| 1:43 | Orc Burrow |
| 1:51 | Peon |
| 2:03 | Watch Tower |
| 2:08 | Wind Walk |
| 2:12 | Peon |
| 2:14 | Healing Salve |
| 2:26 | Watch Tower |
| 2:31 | Peon |
| 3:01 | Peon |
| 3:01 | Peon |
| 3:04 | Watch Tower |
| 3:40 | Boots of Speed |
| 3:41 | Staff of Teleportation |
| 3:49 | Watch Tower |
| 4:21 | Stronghold |
| 4:46 | Watch Tower |
| 4:49 | Watch Tower |
| 5:19 | Healing Salve |
| 5:20 | Lesser Clarity Potion |
| 5:30 | Watch Tower |
| 5:37 | Watch Tower |
| 5:58 | Voodoo Lounge |
| 6:00 | Voodoo Lounge |
| 6:49 | Watch Tower |
| 6:51 | Watch Tower |
| 6:54 | Reinforced Defenses |
| 7:46 | Watch Tower |
| 7:48 | Watch Tower |
| 7:54 | Hex |
| 7:58 | Orc Burrow |
| 8:01 | Watch Tower |
| 8:04 | Watch Tower |
| 8:21 | Watch Tower |
| 8:26 | Watch Tower |
| 9:00 | Goblin Shredder |
| Right click | 598 |
| Select | 108 |
| Select group | 66 |
| Build/train/purchase | 35 |
| Chat | 15 |
| Misc. action | 13 |
| Use ability | 9 |
| Assign group | 5 |
| Resource trade | 4 |
| Esc | 2 |